 Dungeon Crawl Stone Soup version 0.20-a0-1078-g4874019 (webtiles) character file.

14055 FastMan the Severer (level 11, -7/142 HPs)
             Began as a Minotaur Berserker on May 1, 2017.
             Was a High Priest of Trog.
             Mangled by a six-headed hydra (12 damage)
             ... on level 2 of the Lair of Beasts.
             The game lasted 00:08:35 (9879 turns).

FastMan the Severer (Minotaur Berserker)            Turns: 9879, Time: 00:08:35

Health: -7/142     AC: 12    Str: 29    XL:     11   Next: 83%
Magic:  10/10      EV:  8    Int:  4    God:    Trog [*****.]
Gold:   577        SH:  0    Dex: 11    Spells: 10/10 levels left

rFire    + . .     SeeInvis .   f - +1 battleaxe (flame)
rCold    . . .     Gourm    .   (shield currently unavailable)
rNeg     . . .     Faith    +   A - +1 plate armour
rPois    .         Spirit   .   (helmet restricted)
rElec    .         Reflect  .   (no cloak)
rCorr    .         Harm     .   (no gloves)
MR       .....                  (no boots)
Stlth    ..........             u - amulet of faith
Regen    0.4/turn               (no ring)
MPRegen  0.2/turn               y - ring of protection from fire

@: berserking, slowed
A: retaliatory headbutt, horns 2
a: Berserk, Trog's Hand, Brothers in Arms, Burn Spellbooks, Renounce Religion


You were on level 2 of the Lair of Beasts.
You worshipped Trog.
Trog was extremely pleased with you.
You were very hungry.

You visited 2 branches of the dungeon, and saw 12 of its levels.

You collected 577 gold pieces.

Inventory:

Hand Weapons
 a - a +0 hand axe
 b - a +4 battleaxe of freezing
 f - a +1 battleaxe of flaming (weapon)
 m - a +2 hand axe of electrocution
Armour
 A - a +1 plate armour (worn)
Jewellery
 i - an uncursed amulet of harm {unknown}
 o - an uncursed amulet of the gourmand {unknown}
 u - an amulet of faith (around neck)
 y - a ring of protection from fire (right hand)
 B - an uncursed amulet of the gourmand {unknown}
 I - a +5 amulet of reflection {unknown}
Wands
 t - a wand of digging (24/24)
Scrolls
 h - a scroll of enchant weapon
 k - a scroll of immolation {unknown}
 l - 2 scrolls of identify {@r1}
 q - 5 scrolls of remove curse {@r2}
 s - 2 scrolls of teleportation {@r3}
 D - a scroll of enchant armour
 H - 2 scrolls of magic mapping
 J - a scroll of blinking {@r4}
Potions
 d - 2 potions of brilliance {@q6}
 e - 8 potions of flight
 g - a potion of curing {@q1}
 j - 2 potions of agility {@q5}
 v - 3 potions of heal wounds {@q2}
 w - a potion of might {@q4}
 x - a potion of cancellation {unknown}
 z - a potion of berserk rage
 K - a potion of lignification
Comestibles
 c - 6 bread rations {@e1}
 n - 9 chunks of flesh
 p - 26 royal jellies {@e3}
 r - 13 fruits {@e4}
 G - 4 meat rations {@e2}


   Skills:
 - Level 8.5 Fighting
 * Level 19.8 Axes
 - Level 2.4 Armour
 - Level 2.1 Dodging


You had 10 spell levels left.
You didn't know any spells.

Dungeon Overview and Level Annotations

Branches:
Dungeon (10/15)            Temple (0/1) D:5            Lair (2/6) D:9
 Spider (0/4) Lair:2
  Swamp: Lair:2-4    Shoals: Lair:2-4       Orc: D:9-12

Altars:
Cheibriados
Elyvilon
Fedhas
Hepliaklqana
Kikubaaqudgha
Uskayaw
Wu Jian
Zin
The Shining One

Shops:
D:8 *   D:9 (

Portals:
Ice
Cave: Lair:1


Innate Abilities, Weirdness & Mutations

You reflexively headbutt those who attack you in melee.
You have a pair of horns on your head.


Message History

The four-headed hydra bites you.
* * * LOW HITPOINT WARNING * * *
The four-headed hydra bites you but does no damage.
The four-headed hydra bites you.
* * * LOW HITPOINT WARNING * * *
The four-headed hydra bites you but does no damage.
Unknown command.
You slice one of the four-headed hydra's heads off!
The flame cauterises the wound!
You slash the three-headed hydra! You burn the three-headed hydra.
The three-headed hydra is almost dead.
You completely miss the blink frog.
You lop one of the seven-headed hydra's heads off!
The flame cauterises the wound!
You slash the six-headed hydra! You burn the six-headed hydra.
The blink frog hits you!
* * * LOW HITPOINT WARNING * * *
The blink frog blinks!
The six-headed hydra bites you.
* * * LOW HITPOINT WARNING * * *
The six-headed hydra bites you!
You die...

#..............####P..###....
#......>.....................
#............................
##....##..##..................
#P..##.#.#####.#.#+#.###......
##..##..###............#(.....
#..##..# ##...F.......#......
##..##..# #...####≈..........
#P..##..# #.@D## ##...#......
##..P#..# ##Dl≈# #..........
#...##..# #S#.........#......
#...P#### #...#........#......
#...##.###[.. ###P## ##.....
##......##.[# ## #.....
#.......#.## #..... ##########
######


You could see a six-headed hydra, a three-headed hydra, a komodo dragon, a black
mamba and a blink frog.

Vanquished Creatures
  Gastronok (Lair:2)
  2 hydras
  Erica (Lair:2)
  A two-headed ogre (D:8)
  Pikel (D:6)
  A torpor snail (Lair:2)
  A spiny frog (Lair:2)
  3 komodo dragons
  A queen bee (D:9)
  Grinder (D:5)
  2 hippogriffs (Lair:2)
  3 yaks (Lair:2)
  4 hogs (D:7)
  A human (D:7)
  Edmund (D:6)
  Menkaure (D:7)
  2 wargs (D:9)
  2 water moccasins
  4 porcupines
  5 orc warriors
  An ice beast (D:9)
  4 slaves (D:6)
  2 black bears
  2 necrophages
  A phantom (D:8)
  3 ogres
  3 centaurs
  2 crocodiles
  5 bullfrogs
  A gnoll sergeant (D:5)
  2 scorpions
  31 killer bees
  6 wights
  5 howler monkeys (D:7)
  2 crimson imps
  3 hounds
  6 orc priests
  A jelly (D:8)
  A bullfrog skeleton (D:7)
  6 orc wizards
  A centaur skeleton (D:5)
  Ijyb (D:3)
  7 worker ants
  2 hound skeletons (D:9)
  5 gnolls (D:5)
  2 worker ant zombies
  A river rat (D:6)
  11 adders
  3 shadow imps
  12 white imps (Lair:1)
  3 oozes
  An adder skeleton (D:5)
  3 worms
  2 dart slugs (D:1)
  6 leopard geckos
  32 orcs
  8 giant cockroaches
  9 goblins
  2 hobgoblins
  12 jackals
  8 kobolds
  A quokka (D:5)
  4 bats
  3 frilled lizards
  A leopard gecko skeleton (D:6)
  A quokka zombie (D:6)
  7 rats
273 creatures vanquished.

Notes
Turn   | Place    | Note
-------+----------+-------------------------------------------
     0 | D:1      | FastMan the Minotaur Berserker began the quest for the Orb.
     0 | D:1      | Reached XP level 1. HP: 19/19 MP: 0/0
   121 | D:1      | Reached skill level 4 in Axes
   222 | D:1      | Reached XP level 2. HP: 22/27 MP: 1/1
   372 | D:1      | Reached XP level 3. HP: 19/33 MP: 2/2
  1219 | D:2      | Reached skill level 5 in Axes
  1222 | D:2      | Reached ** piety under Trog
  1236 | D:2      | Found an ornate altar of the Wu Jian Council.
  1247 | D:2      | Found a white marble altar of Elyvilon.
  1282 | D:2      | Found a hide-covered altar of Uskayaw.
  1323 | D:2      | Reached XP level 4. HP: 36/41 MP: 3/3
  1330 | D:2      | Found a blossoming altar of Fedhas.
  1330 | D:2      | Found an ancient bone altar of Kikubaaqudgha.
  1995 | D:3      | Noticed Ijyb
  2004 | D:3      | Killed Ijyb
  2092 | D:3      | Reached skill level 6 in Axes
  2100 | D:3      | Reached skill level 5 in Fighting
  2100 | D:3      | Reached XP level 5. HP: 29/48 MP: 4/4
  2298 | D:3      | Reached *** piety under Trog
  2649 | D:3      | Found a snail-covered altar of Cheibriados.
  2859 | D:4      | Noticed an ogre
  2864 | D:4      | Killed an ogre
  2864 | D:4      | Reached skill level 7 in Axes
  2864 | D:4      | Reached XP level 6. HP: 56/56 MP: 5/5
  3138 | D:4      | You fall through a shaft!
  3138 | D:5      | Entered Level 5 of the Dungeon
  3215 | D:5      | Reached skill level 8 in Axes
  3224 | D:5      | Reached XP level 7. HP: 63/63 MP: 6/6
  3305 | D:5      | Found a staircase to the Ecumenical Temple.
  3310 | D:5      | Reached skill level 9 in Axes
  3311 | D:5      | Reached **** piety under Trog
  3405 | D:5      | Noticed Grinder
  3415 | D:5      | Killed Grinder
  3522 | D:5      | Found a glowing golden altar of the Shining One.
  3654 | D:6      | Noticed Pikel
  3666 | D:6      | Killed Pikel
  3666 | D:6      | Reached skill level 10 in Axes
  3666 | D:6      | Reached XP level 8. HP: 74/74 MP: 7/7
  3669 | D:6      | Reached skill level 11 in Axes
  3728 | D:5      | Found a hazy altar of Hepliaklqana.
  4064 | D:6      | Noticed Edmund
  4071 | D:6      | Killed Edmund
  4071 | D:6      | Reached skill level 12 in Axes
  4071 | D:6      | Reached XP level 9. HP: 72/82 MP: 8/8
  4380 | D:7      | Noticed Menkaure
  4384 | D:7      | Killed Menkaure
  4579 | D:7      | Reached skill level 13 in Axes
  4743 | D:7      | Received a gift from Trog
  5070 | D:7      | Reached skill level 14 in Axes
  5494 | D:7      | Reached XP level 10. HP: 58/90 MP: 9/9
  5527 | D:8      | Reached ***** piety under Trog
  5527 | D:8      | Reached skill level 15 in Axes
  5854 | D:8      | Found a glowing silver altar of Zin.
  5863 | D:8      | Found Zin's Purification Station.
  5937 | D:8      | Noticed a two-headed ogre
  5949 | D:8      | Killed a two-headed ogre
  6324 | D:9      | Found a staircase to the Lair.
  6330 | D:9      | Reached skill level 16 in Axes
  6707 | D:9      | Found Jucoutix's Antique Weapon Shoppe.
  6801 | D:9      | Reached skill level 17 in Axes
  6828 | D:9      | Received a gift from Trog
  7803 | D:10     | Entered Level 10 of the Dungeon
  7823 | Lair:1   | Entered Level 1 of the Lair of Beasts
  8019 | Lair:1   | Found a frozen archway.
  8173 | Lair:1   | Reached XP level 11. HP: 79/95 MP: 10/10
  8229 | Lair:1   | Noticed a six-headed hydra
  8275 | Lair:1   | Killed a two-headed hydra
  8280 | Lair:1   | Reached skill level 18 in Axes
  8450 | Lair:1   | You fall through a shaft!
  8930 | Lair:2   | Noticed Erica
  8936 | Lair:2   | Killed Erica
  9774 | Lair:2   | Reached skill level 19 in Axes
  9785 | Lair:2   | Noticed a five-headed hydra
  9792 | Lair:2   | Killed a two-headed hydra
  9799 | Lair:2   | Found a hole to the Spider Nest.
  9861 | Lair:2   | Noticed Gastronok
  9864 | Lair:2   | Noticed a six-headed hydra
  9867 | Lair:2   | Noticed an eight-headed hydra
  9878 | Lair:2   | Killed Gastronok
  9879 | Lair:2   | HP: 5/142 [six-headed hydra (4)]
  9879 | Lair:2   | Mangled by a six-headed hydra

Vault maps used:
D:1:      lightli_arrival_quake, serial_bayou_pond_a, st_stairs_9
D:2:      grunt_temple_overflow_growth_and_decay, grunt_temple_overflow_open,
          lemuel_doored_altar, okawaru_altar_gauntlet_db
D:3:      cheibriados_altar_1, grunt_ministairs_12, uniq_ijyb
D:5:      nicolae_overflow_hidden_temple, kennysheep_little_box, temple_statues,
          first_bread, corexii_checkpoint_b, uniq_grinder
D:6:      gup_sewer_entry_spiral, uniq_edmund, uniq_pikel
D:7:      grunt_livestock, hangedman_abyss_or_decor_passed,
          minmay_misc_feat_five, uniq_menkaure
D:8:      wad_cavern_with_rooms, zin_purify
D:9:      erik_lair_orcish_takeover, serial_shops, shop
D:10:     uniq_josephine, uniq_psyche
Lair:1:   portal_ice_cave_entry_imps, minmay_hedge_maze,
          infiniplex_staircase_pool_2
Lair:2:   spider_nest_entry_webs, hangedman_lair_generics_rect,
          serial_bayou_shore_b, lemuel_fruit_tree, uniq_gastronok, uniq_erica

Skill      XL: |  1  2  3  4  5  6  7  8  9 10 11 |
---------------+----------------------------------+-----
Axes           | 4 5 6 7 8 10 12 14 17 19 | 19.8
Fighting       | 4 5 6 8 |  8.5
Armour         | |  2.4
Dodging        | |  2.1

Action                   |  1- 3 |  4- 6 |  7- 9 | 10-12 || total
-------------------------+-------+-------+-------+-------++-------
Melee: Hand axe          |    71 |    98 |    64 |       ||   233
       Headbutt          |    11 |    13 |    33 |    37 ||    94
       Battleaxe         |       |       |   100 |   225 ||   325
Invok: Berserk           |       |     3 |     3 |     8 ||    14
       Trog's Hand       |       |       |     3 |     2 ||     5
  Use: Scroll            |       |     8 |       |    17 ||    25
       Potion            |       |       |       |     4 ||     4
  Eat: Chunk             |     1 |     8 |    12 |    12 ||    33
       Bread ration      |       |       |       |     2 ||     2
Armor: Animal skin       |    16 |    11 |       |       ||    27
       Plate armour      |       |    12 |    78 |   146 ||   236
       Chain mail        |       |     7 |       |       ||     7
       Skin              |       |       |       |    65 ||    65
Dodge: Dodged            |    38 |    44 |    62 |    87 ||   231
